 Dungeon Crawl Stone Soup version 0.31.0-9-g3a7656b989 (webtiles) character file.

Game seed: 6412150400556863245

940 qw the Skirmisher (level 7, 0/36 HPs)
             Began as a Spriggan Hunter on Feb 2, 2024.
             Slain by a black bear (5 damage)
             ... on level 5 of the Dungeon.
             The game lasted 00:00:19 (3696 turns).

qw the Skirmisher (Spriggan Hunter)                 Turns: 3696, Time: 00:00:20

Health: 0/36       AC:  5    Str: 13    XL:     7   Next: 88%
Magic:  8/8        EV: 22    Int: 11    God:
Gold:   185        SH:  0    Dex: 20    Spells: 6/6 levels left

rFire   . . .        a - +1 shortbow
rCold   . . .        (shield currently unavailable)
rNeg    . . .        c - +0 robe
rPois   .            (helmet restricted)
rElec   .            g - +2 cloak
rCorr   .            (gloves unavailable)
SInv    +            (boots unavailable)
Will    +....        (no amulet)
Stlth   ++           e - +6 ring of strength
HPRegen 0.26/turn    (no ring)
MPRegen 0.11/turn

%: no passive effects
@: about to teleport, hasted, very quick
A: very small, no large weapons, unfitting armour, see invisible, speed 3
a: no special abilities


You were on level 5 of the Dungeon.
You visited 1 branch of the dungeon, and saw 5 of its levels.

You collected 185 gold pieces.


Innate Abilities, Weirdness & Mutations

You are very small and have problems with some larger weapons.
You are too small for most types of armour.
You have supernaturally acute eyesight. (SInv)
You cover ground extremely quickly. (Speed+++)


   Skills:
 - Level 3.0 Fighting
 - Level 8.0 Ranged Weapons
 + Level 7.0 Dodging
 - Level 1.5 Stealth


You had 6 spell levels left.
You didn't know any spells.
Your spell library was empty.

Inventory:

Hand Weapons
 a - a +1 shortbow (weapon)
Armour
 c - a +0 robe (worn)
 g - a +2 cloak (worn)
Jewellery
 e - a +6 ring of strength (left hand)
Potions
 b - a potion of haste
 d - 2 potions of mutation
 f - a potion of heal wounds
 h - 3 potions of curing
 j - a potion of resistance

Dungeon Overview and Level Annotations

Branches:
Dungeon (5/15)
 Temple: D:4-7

Altars:
Ashenzari
Cheibriados
Hepliaklqana
Qazlal

Shops:
D:1 ?   D:3 :

Annotations:
D:5 Ijyb


Message History

Edmund is almost dead.
You shoot an arrow. The arrow hits Edmund.
You kill Edmund!
Your Fighting skill increases to level 3!
You shoot an arrow. The arrow barely misses the black bear.
The arrow hits the orc.
The orc is severely wounded.
The black bear misses you. The black bear closely misses you.
The black bear completely misses you.
You shoot an arrow. The arrow hits the black bear.
The black bear is heavily wounded.
The black bear closely misses you. The black bear completely misses you.
The black bear barely misses you.
You shoot an arrow. The arrow hits the black bear!
The black bear is severely wounded.
The black bear goes berserk!
3692 ||| DRINKING 2 potions of haste.
You feel yourself speed up. The black bear barely misses you.
The black bear completely misses you.
The black bear claws you but does no damage.
You shoot an arrow. The arrow barely misses the black bear.
The arrow hits the orc.
The orc is almost dead.
The black bear bites you!
The black bear claws you but does no damage.
The black bear closely misses you.
You shoot an arrow. The arrow hits the black bear.
The black bear is almost dead.
The black bear bites you! The black bear claws you.
The black bear barely misses you.
You shoot an arrow.
The arrow closely misses the black bear.
The arrow hits the orc!
You kill the orc!
The black bear bites you. The black bear claws you.
The black bear claws you but does no damage.
3696 ||| READING scroll of teleportation.
As you read the scroll of teleportation, it crumbles to dust.
You feel strangely unstable. The black bear closely misses you.
The black bear claws you.
You die...

#.# #.#.##.# #.## #.#
###.#.##.# #.## #.#
#...#>##.# #.## #.#
#.###..... ..## #.# #.#
####.# ###. #.# #.# #..
#.# ### . #####.# ..
...#@# #...### #.#h##
..#.... #>.oo######
#...#..######..........#
#...#.................
#...#))#..########.#
#.ho#...#...#
#...#...#...#.#
o.#S..#...#...#


You could see a black bear (berserk), an orc wizard (invisible) and an orc.

Vanquished Creatures
  Edmund (D:5)
  Duvessa (D:4)
  An ogre (D:2)
  2 scorpions
  Dowan (D:4)
  2 bombardier beetles (D:5)
  A hound (D:4)
  Jessica (D:2)
  Natasha (thrice) (D:4)
  An orc wizard (D:4)
  Robin (D:4)
  7 gnolls
  5 adders
  A shadow imp (D:5)
  5 ribbon worms
  3 dart slugs
  9 orcs
  6 ball pythons
  6 endoplasms
  6 giant cockroaches
  13 goblins
  14 hobgoblins
  2 jackals (D:2)
  7 kobolds
  2 quokkas
  7 bats
  A frilled lizard (D:2)
  4 rats
113 creatures vanquished.

Notes
Turn   | Place    | Note
-------+----------+-------------------------------------------
     0 | D:1      | qw the Spriggan Hunter began the quest for the Orb.
     0 | D:1      | Reached XP level 1. HP: 10/10 MP: 2/2
     0 | D:1      | 0 ||| qw: Version: 0.3-a-155-g5e7d8dd
     0 | D:1      | 0 ||| qw: Game counter: 1510
     0 | D:1      | 0 ||| qw: Melee chars always use a shield: true
     0 | D:1      | 0 ||| qw: God list: Okawaru
     0 | D:1      | 0 ||| qw: Allow faded altars: false
     0 | D:1      | 0 ||| qw: Do Orc after clearing Dungeon:15 true
     0 | D:1      | 0 ||| qw: Do second Lair branch before Depths: true
     0 | D:1      | 0 ||| qw: Lair rune preference: random
     0 | D:1      | 0 ||| qw: Goals: Normal
     0 | D:1      | 0 ||| PLANNING D:1-11
    38 | D:1      | Reached skill level 3 in Dodging
   127 | D:1      | 127 ||| DROPPING +0 sling of freezing.
   133 | D:1      | Found Hiodgh's Magic Scroll Shop.
   148 | D:1      | 148 ||| SHOPLISTING scroll of brand weapon (104 gold, have
                  | 9).
   148 | D:1      | 148 ||| SHOPLISTING scroll of enchant armour (82 gold, have
                  | 9).
   148 | D:1      | 148 ||| SHOPLISTING scroll of identify (22 gold, have 9).
   159 | D:1      | Reached XP level 2. HP: 14/14 MP: 3/3
   381 | D:1      | 381 ||| UPGRADING to +6 ring of strength.
   382 | D:1      | 382 ||| READING 2 scrolls labelled YRUACI GOHAGOM.
   382 | D:1      | 382 ||| IDENTIFYING glowing brown potion
   383 | D:1      | 383 ||| READING scroll of identify.
   383 | D:1      | 383 ||| IDENTIFYING cyan potion
   384 | D:1      | 384 ||| READING scroll labelled XOYBLE QYOC MOIH.
   385 | D:1      | 385 ||| READING scroll labelled DOTUIBBOSUM.
   386 | D:1      | 386 ||| READING scroll labelled DOULUFA JUFANGI.
   387 | D:1      | 387 ||| READING scroll labelled GIUWUZ ZENE.
   387 | D:1      | 387 ||| ENCHANTING +0 shortbow.
   388 | D:1      | 388 ||| DROPPING scroll of butterflies.
   446 | D:2      | Reached XP level 3. HP: 18/18 MP: 4/4
   939 | D:2      | Noticed an ogre
   947 | D:2      | Killed an ogre
   948 | D:2      | Reached skill level 5 in Ranged Weapons
   948 | D:2      | Reached XP level 4. HP: 22/22 MP: 5/5
   962 | D:2      | Reached XP level 5. HP: 25/25 MP: 6/6
  1018 | D:2      | Noticed Jessica
  1024 | D:2      | Killed Jessica
  1586 | D:2      | 1586 ||| UPGRADING to +1 cloak.
  1591 | D:2      | 1591 ||| READING scroll of identify.
  1591 | D:2      | 1591 ||| IDENTIFYING bubbling puce potion
  1592 | D:2      | 1592 ||| DRINKING 2 bubbling golden potions.
  1753 | D:3      | Found Xacucref's Book Shoppe.
  1801 | D:3      | Found a snail-covered altar of Cheibriados.
  1921 | D:3      | Reached skill level 6 in Ranged Weapons
  2000 | D:3      | Reached XP level 6. HP: 30/30 MP: 7/7
  2417 | D:3      | 2417 ||| READING scroll of identify.
  2417 | D:3      | 2417 ||| IDENTIFYING dark potion
  2418 | D:3      | 2418 ||| READING scroll labelled HOUVOMEANTU.
  2419 | D:3      | 2419 ||| READING scroll labelled DAN VER HEIN.
  2423 | D:3      | 2423 ||| READING scroll labelled CUHYNNU COGU.
  2424 | D:3      | 2424 ||| DROPPING potion of brilliance.
  2426 | D:3      | 2426 ||| Stepping ~*~*~tactically~*~*~ (cloud).
  2578 | D:4      | Noticed Natasha
  2581 | D:4      | Killed Natasha
  2582 | D:4      | Reached skill level 6 in Dodging
  2660 | D:4      | 2660 ||| DRINKING 4 potions of curing.
  2660 | D:4      | 2660 ||| (to cure poison)
  2759 | D:4      | Found a stormy altar of Qazlal.
  2791 | D:4      | Noticed Natasha
  2801 | D:4      | Killed Natasha
  2802 | D:4      | 2802 ||| FLEEEEING.
  2803 | D:4      | 2803 ||| FLEEEEING.
  2804 | D:4      | 2804 ||| FLEEEEING.
  2805 | D:4      | 2805 ||| FLEEEEING.
  2806 | D:4      | 2806 ||| FLEEEEING.
  2808 | D:4      | 2808 ||| FLEEEEING.
  2965 | D:4      | Found a broken altar of Ashenzari.
  2974 | D:4      | Found a hazy altar of Hepliaklqana.
  3022 | D:4      | Noticed Natasha
  3025 | D:4      | Killed Natasha
  3026 | D:4      | Reached skill level 7 in Ranged Weapons
  3246 | D:4      | Noticed Robin
  3248 | D:4      | Noticed Dowan
  3253 | D:4      | Noticed Duvessa
  3259 | D:4      | Killed Robin
  3260 | D:4      | 3260 ||| DRINKING 3 potions of haste.
  3271 | D:4      | Killed Duvessa
  3272 | D:4      | Reached XP level 7. HP: 13/35 MP: 8/8
  3278 | D:4      | Killed Dowan
  3447 | D:4      | 3447 ||| READING scroll of identify.
  3447 | D:4      | 3447 ||| IDENTIFYING murky green potion
  3448 | D:4      | 3448 ||| READING scroll labelled XOKHIV AXAUMU.
  3448 | D:4      | 3448 ||| ENCHANTING +1 cloak.
  3469 | D:5      | Entered Level 5 of the Dungeon
  3637 | D:5      | Reached skill level 8 in Ranged Weapons
  3648 | D:5      | Noticed Edmund
  3652 | D:5      | Noticed Ijyb
  3653 | D:5      | 3653 ||| RETREEEEATING.
  3654 | D:5      | 3654 ||| RETREEEEATING.
  3660 | D:5      | 3660 ||| RETREEEEATING.
  3661 | D:5      | 3661 ||| RETREEEEATING.
  3665 | D:5      | 3665 ||| RETREEEEATING.
  3666 | D:5      | 3666 ||| RETREEEEATING.
  3667 | D:5      | 3667 ||| RETREEEEATING.
  3668 | D:5      | 3668 ||| RETREEEEATING.
  3670 | D:5      | 3670 ||| RETREEEEATING.
  3671 | D:5      | 3671 ||| RETREEEEATING.
  3688 | D:5      | Killed Edmund
  3689 | D:5      | Reached skill level 3 in Fighting
  3692 | D:5      | 3692 ||| DRINKING 2 potions of haste.
  3695 | D:5      | HP: 5/36 [black bear (5)]
  3696 | D:5      | 3696 ||| READING scroll of teleportation.
  3696 | D:5      | Slain by a black bear

Levels and vault maps discovered:
D:1:      ncdulo_halloftheorcs, layout_rooms, serial_shops, nicolae_diamond_shop
D:2:      wad_lake_hut, layout_loops_ring, uniq_jessica
D:3:      layout_basic, slow_altar_1, serial_shops, shop, minmay_strange_pillars
D:4:      layout_basic, kennysheep_little_box, mainiacjoe_overflow_swirl,
          uniq_natasha, uniq_robin, uniq_duvessa
D:5:      layout_loops_ring, ebering_ghost_sewer_d, hex_large,
          minmay_misc_feat_rows, minmay_misc_feat_roman, st_stairs_14,
          minivault_24, hangedman_decor_points, uniq_edmund, uniq_ijyb

Skill      XL: |  1  2  3  4  5  6  7 |
---------------+----------------------+-----
Dodging        | 3 4 5 7 |  7.0
Ranged Weapons | 5 6 7 8 |  8.0
Fighting       | 2 3 |  3.0
Stealth        | |  1.5

Action                     |  1- 3 |  4- 6 |  7- 9 || total
---------------------------+-------+-------+-------++-------
   Fire: Shortbow          |    75 |   252 |    78 ||   405
    Use: Scroll            |     6 |     5 |     3 ||    14
         Potion            |       |     3 |     1 ||     4
 Armour: Robe              |     4 |    33 |    12 ||    49
  Dodge: Dodged            |    18 |    76 |    37 ||   131

Table legend:
 A = Non-vault XP
 B = Vault XP
 C = Vault XP percentage of total XP
 D = Non-vault monster count
 E = Vault monster count
 F = Vault count percentage of total count
                 A         B        C        D         E       F
            +---------+---------+-------+---------+---------+-------
      Total |     861 |     483 |  35.9 |      98 |      15 |  13.3
            +---------+---------+-------+---------+---------+-------
        D:1 |      29 |       0 |   0.0 |      15 |       0 |   0.0
        D:2 |     239 |      37 |  13.4 |      30 |       1 |   3.2
        D:3 |      90 |       4 |   4.3 |      21 |       1 |   4.5
        D:4 |     310 |     278 |  47.3 |      24 |      12 |  33.3
        D:5 |     193 |     164 |  45.9 |       8 |       1 |  11.1
            +---------+---------+-------+---------+---------+-------
